 Dungeon Crawl Stone Soup version 0.19.4-8-ga85b6b9 (webtiles) character file.

100 Gargoyl the Skirmisher (level 4, 0/40 HPs)
             Began as a Ghoul Abyssal Knight on Feb 7, 2017.
             Was a Follower of Lugonu.
             Slain by a white imp (2 damage)
             ... summoned by Natasha
             ... on level 2 of the Dungeon.
             The game lasted 00:03:46 (1749 turns).

Gargoyl the Skirmisher (Ghoul Abyssal Knight)       Turns: 1749, Time: 00:03:47

Health: 0/40       AC: 12    Str: 15    XL:     4   Next: 73%
Magic:  13/13      EV:  4    Int:  7    God:    Lugonu [*.....]
Gold:   125        SH:  0    Dex:  9    Spells: 0 memorised, 3 levels left

rFire  . . .     SeeInvis .     a - +2 hand axe
rCold  + . .     Gourm    .     h - +0 plate armour
rNeg   + + +     Faith    .     (no shield)
rPois  ∞         Spirit   .     (no helmet)
rElec  .         Reflect  .     e - +0 cloak
rCorr  .         Harm     .     (no gloves)
MR     .....                    (no boots)
Stlth  ..........               (no amulet)
                                (no ring)
                                g - ring of magical power

@: rotting
A: rotting body, claws 1, carnivore 3, cold resistance 1, negative energy
resistance 3, slow regeneration 1, torment resistance, unbreathing
a: Depart the Abyss, Renounce Religion


You were on level 2 of the Dungeon.
You worshipped Lugonu.
Lugonu was aware of your devotion.
You were not hungry.

You visited 1 branch of the dungeon, and saw 2 of its levels.
You visited the Abyss 1 time.

You collected 125 gold pieces.

Inventory:

Hand Weapons
 a - a +2 hand axe (weapon)
Missiles
 l - 4 tomahawks (quivered)
Armour
 e - a +0 cloak (worn)
 h - a +0 plate armour (worn)
Jewellery
 g - a ring of magical power (left claw)
Scrolls
 f - 2 scrolls of identify
 i - a scroll of magic mapping
 m - 2 scrolls of remove curse
Potions
 b - a potion of flight
Comestibles
 c - 2 meat rations
 d - a royal jelly
 j - a beef jerky


   Skills:
 + Level 4.1 Fighting
 + Level 3.3 Axes
 + Level 2.4 Armour
 + Level 1.0 Dodging
 + Level 0.2 Stealth
 + Level 2.0 Invocations


You had 3 spell levels left.
You didn't know any spells.

Dungeon Overview and Level Annotations

Branches:
Dungeon (2/15)

Altars:

Annotations:
D:2 Natasha


Innate Abilities, Weirdness & Mutations

Your body is rotting away.
You thrive on raw meat.
You are immune to poison.
You have sharp fingernails.
You are carnivorous and can eat meat at any time.
Your flesh is cold resistant. (rC+)
You are immune to negative energy. (rN+++)
You regenerate slowly when monsters are visible.
You are immune to unholy pain and torment.
You can survive without breathing.


Message History

You feel yourself speed up.
Natasha mumbles some strange words.
Natasha's front paws start to glow.
Natasha claws you but does no damage.
The white imp hits you but does no damage.
The white imp hits you.
* * * LOW HITPOINT WARNING * * *
The white imp freezes you. You resist.
* * * LOW HITPOINT WARNING * * *
Your plate armour prevents you from hitting Natasha.
Natasha is severely wounded.
You barely miss the white imp. You hit the white imp.
Natasha barely misses you. The white imp barely misses you.
The white imp completely misses you.
As you read the scroll of fear, it crumbles to dust.
You assume a fearsome visage.
The white imp is unaffected. x2
Natasha looks frightened!
The bat looks frightened!
The white imp hits you.
* * * LOW HITPOINT WARNING * * *
The white imp freezes you. You resist.
You die...

### #.. #.. #.. ###
# #..#######
#.....5.)##########
#>.b..5@........).#
.
##.......#.######.##
. .....h..##.# #..#
. #######.##.# ##.#
. #.##'# #.## #
#..... #..# # #...?.
##.## # #.....
####..# # #.....###


You could see Natasha (fleeing), 2 white imps and a bat (fleeing).

Vanquished Creatures
  Natasha (D:2)
  2 adders (D:2)
  4 dart slugs
  3 giant cockroaches
  4 goblins
  7 hobgoblins
  5 jackals (D:1)
  7 kobolds
  5 ball pythons
  3 bats (D:1)
  3 frilled lizards
  2 rats
46 creatures vanquished.

Notes
Turn   | Place    | Note
-------+----------+-------------------------------------------
     0 | Abyss:1  | Gargoyl the Ghoul Abyssal Knight began the quest for the Orb.
     0 | Abyss:1  | Reached XP level 1. HP: 19/19 MP: 1/1
    51 | Abyss:1  | Found a corrupted altar of Lugonu.
    95 | Abyss:1  | Found a corrupted altar of Lugonu.
   289 | Abyss:2  | Noticed a golden eye
   289 | Abyss:2  | Noticed a rust devil
   291 | D:1      | Escaped the Abyss
   512 | D:1      | Reached XP level 2. HP: 26/26 MP: 2/2
   572 | D:1      | Reached * piety under Lugonu
   823 | D:1      | Reached XP level 3. HP: 33/33 MP: 3/3
  1365 | D:1      | Reached skill level 4 in Fighting
  1525 | D:2      | Reached XP level 4. HP: 26/40 MP: 4/4
  1654 | D:2      | Noticed Natasha
  1670 | D:2      | Killed Natasha
  1670 | D:2      | Reached skill level 1 in Dodging
  1732 | D:2      | Noticed Natasha
  1744 | D:2      | HP: 2/40 [Natasha (6)]
  1749 | D:2      | HP: 2/40 [white imp[Natasha] (2)]
  1749 | D:2      | Slain by a white imp

Skill      XL: |  1  2  3  4 |
---------------+-------------+-----
Axes           | 2 3 |  3.3
Armour         | 2 |  2.4
Fighting       | 4 |  4.1
Dodging        | 1 |  1.0
Stealth        | |  0.2
Invocations    | |  2.0

Action                   |  1- 3 |  4- 6 || total
-------------------------+-------+-------++-------
Melee: Hand axe          |   130 |    56 ||   186
Invok: Depart the Abyss  |     1 |       ||     1
  Use: Scroll            |     5 |     2 ||     7
       Potion            |       |     1 ||     1
  Eat: Chunk             |    12 |     9 ||    21
Armor: Plate armour      |   119 |    64 ||   183
Dodge: Dodged            |    38 |    25 ||    63
